 Dungeon Crawl Stone Soup version 0.22-a0-348-gd16d1391c7 (webtiles) character file.

5170 Laan the Destroyer (level 10, -16/50 HPs)
             Began as a Deep Elf Fire Elementalist on Apr 7, 2018.
             Was a Priest of Vehumet.
             Killed from afar by a frost giant (34 damage)
             ... with a bolt of cold
             ... on level 9 of the Dungeon.
             The game lasted 00:30:00 (9788 turns).

Laan the Destroyer (Deep Elf Fire Elementalist)     Turns: 9788, Time: 00:30:00

Health: -16/50     AC:  6    Str:  5    XL:     10   Next: 34%
Magic:  17/27      EV: 13    Int: 24    God:    Vehumet [***...]
Gold:   578        SH:  0    Dex: 15    Spells: 16/32 levels left

rFire    . . .     SeeInvis .   m - +0 trident (venom)
rCold    . . .     Gourm    .   (no shield)
rNeg     . . .     Faith    .   a - +0 robe
rPois    .         Spirit   .   L - +2 hat {MR+}
rElec    .         Reflect  .   I - +1 cloak
rCorr    .         Harm     .   (no gloves)
MR       ++...                  (no boots)
Stlth    ++........             (no amulet)
HPRegen  0.16/turn              g - ring of wizardry
MPRegen  0.20/turn              (no ring)

@: about to teleport
A: no striking features
a: Renounce Religion


You were on level 9 of the Dungeon.
You worshipped Vehumet.
Vehumet was most pleased with you.
You were not hungry.

You visited 2 branches of the dungeon, and saw 10 of its levels.
You also visited: Ossuary.

You collected 578 gold pieces.

Inventory:

Hand Weapons
 m - a +0 trident of venom (weapon)
Armour
 a - a +0 robe (worn)
 i - a +2 helmet
 I - a +1 cloak (worn)
 L - a +2 hat of magic resistance (worn)
Magical Staves
 j - an uncursed staff of summoning
Jewellery
 g - a ring of wizardry (left hand)
 J - a +5 amulet of reflection {unknown}
Wands
 o - a wand of random effects (36)
 r - a wand of polymorph (12)
 t - a wand of digging (13)
Scrolls
 d - 5 scrolls of magic mapping
 e - 17 scrolls of identify
 h - 3 scrolls of remove curse
 p - a scroll of random uselessness {unknown}
 s - a scroll of noise {unknown}
 u - a scroll of brand weapon {unknown}
 x - a scroll of blinking {unknown}
 y - a scroll of amnesia {unknown}
 z - 3 scrolls of enchant armour
 C - 2 scrolls of fear {unknown}
 E - a scroll of vulnerability {unknown}
 F - a scroll of fog {unknown}
 G - a scroll of teleportation
 K - a scroll of summoning {unknown}
Potions
 b - 3 potions of might
 f - a potion of resistance {unknown}
 k - a potion of brilliance {unknown}
 l - 2 potions of heal wounds {unknown}
 n - 5 potions of magic {unknown}
 q - a potion of flight {unknown}
 v - a potion of curing
 w - a potion of cancellation {unknown}
 A - a potion of invisibility {unknown}
 B - a potion of mutation {unknown}
 D - a potion of degeneration {unknown}
 H - a potion of haste {unknown}
Comestibles
 c - 3 rations
 M - a chunk of flesh


   Skills:
 - Level 2.4 Dodging
 - Level 2.4 Stealth
 + Level 11.7 Spellcasting
 * Level 13.2 Conjurations
 - Level 3.2 Fire Magic


You had 16 spell levels left.
You knew the following spells:

 Your Spells              Type           Power        Failure   Level  Hunger
a - Flame Tongue          Conj/Fire      #####        1%          1    None
b - Conjure Flame         Conj/Fire      ######..     1%          3    None
c - Sticky Flame          Conj/Fire      ######..     1%          4    None
d - Fireball              Conj/Fire      ######....   1%          5    ###....
e - Magic Dart            Conj           ####         0%          1    None
f - Throw Frost           Conj/Ice       #####.       1%          2    None


Dungeon Overview and Level Annotations

Branches:
Dungeon (9/15)             Temple (1/1) D:4
   Lair: D:8-11         Orc: D:9-12

Altars:
Ashenzari
Cheibriados
Dithmenos
Elyvilon
Hepliaklqana
Kikubaaqudgha
Makhleb
Nemelex Xobeh
Okawaru
Qazlal
Ru
Sif Muna
Trog
Vehumet
Wu Jian
Xom
Yredelemnul
The Shining One

Shops:
D:8 *


Message History

Casting: Conjure Flame (safe; 1% risk of failure)
Confirm with . or Enter, or press ? or * to list all spells.
Aiming: Fireball (safe; 1% risk of failure)
Press: ? - help, Shift-Dir - straight line The fireball explodes!
The fireball engulfs the frost giant.
The frost giant is lightly wounded.
The frost giant points at you and mumbles some strange words.
The bolt of cold hits you!
Ouch! That really hurt!
Okay, then.
Unknown command.
As you read the scroll labeled LAALEJ FANEO, it crumbles to dust.
It is a scroll of enchant armour.
Your +0 cloak glows green for a moment.
As you read the scroll labeled ZORCHETRETA, it crumbles to dust.
You feel strangely unstable.
It was a scroll of teleportation.
The frost giant casts a spell at you. The bolt of cold hits you!
Ouch! That really hurt!
You die...

###### #
#..#.§## .#
#.###.# .#
#..C.###..#
#@#....#..#
#.).÷.....#
#).#...##.#
#..###.##.###
#..###......##
#..##........#.
####..........#
#..........#
#..........#


You could see a frost giant.

Vanquished Creatures
  Gastronok (D:8)
  Maurice (D:8)
  An efreet (D:9)
  A sky beast (D:5)
  3 ice beasts
  2 phantoms (D:4)
  2 centaurs
  A big kobold (D:7)
  2 bullfrogs (D:8)
  A scorpion (D:8)
  5 wights (D:8)
  A howler monkey (D:9)
  5 crimson imps (D:6)
  3 centaur zombies
  2 bullfrog zombies
  4 hounds
  A centaur skeleton (D:6)
  5 orc priests
  9 orc wizards
  2 iguanas
  Terence (D:3)
  8 worker ants
  A killer bee zombie (D:7)
  3 ogre zombies (Ossuary)
  2 hound skeletons
  7 mummies (Ossuary)
  A worker ant zombie (D:5)
  Robin (D:4)
  A howler monkey skeleton (D:5)
  10 adders
  4 shadow imps
  7 adder zombies
  6 worms
  2 dart slugs
  7 leopard geckos
  22 orcs
  2 ball pythons
  8 bats
  6 giant cockroaches
  15 goblins
  5 hobgoblins
  4 jackals (D:4)
  4 quokkas
  4 frilled lizards
  A gnoll zombie (Ossuary)
  2 goblin zombies (Ossuary)
  3 hobgoblin zombies (Ossuary)
  A jackal skeleton (D:6)
  A jackal zombie (D:5)
  9 kobolds
  2 kobold zombies (Ossuary)
  5 quokka zombies (Ossuary)
  5 rats
  6 rat zombies (Ossuary)
218 creatures vanquished.

Notes
Turn   | Place    | Note
-------+----------+-------------------------------------------
     0 | D:1      | Laan the Deep Elf Fire Elementalist began the quest for the Orb.
     0 | D:1      | Reached XP level 1. HP: 10/10 MP: 6/6
   379 | D:1      | Reached skill level 2 in Conjurations
   379 | D:1      | Reached XP level 2. HP: 15/15 MP: 4/8
   955 | D:2      | Found a sacrificial altar of Ru.
  1122 | D:2      | Reached XP level 3. HP: 14/19 MP: 3/10
  1239 | D:2      | Found a snail-covered altar of Cheibriados.
  1302 | D:2      | Reached skill level 3 in Conjurations
  1771 | D:2      | Reached XP level 4. HP: 24/24 MP: 7/12
  1811 | D:2      | Learned a level 3 spell: Conjure Flame
  1816 | D:2      | Learned a level 4 spell: Sticky Flame
  1839 | D:2      | Found a burning altar of Makhleb.
  1897 | D:2      | Reached skill level 4 in Conjurations
  2391 | D:3      | Reached XP level 5. HP: 28/28 MP: 10/14
  2428 | D:3      | Found a faded altar of an unknown god.
  2498 | D:3      | Noticed Terence
  2503 | D:3      | Killed Terence
  2569 | D:3      | Found a glowing golden altar of the Shining One.
  2578 | D:3      | Found a basalt altar of Yredelemnul.
  2652 | D:3      | Found an iron altar of Okawaru.
  2670 | D:3      | Reached skill level 5 in Spellcasting
  2686 | D:3      | Reached skill level 5 in Conjurations
  2906 | D:3      | Noticed an angel
  2935 | D:4      | Noticed a phantom
  3123 | D:4      | Reached XP level 6. HP: 26/32 MP: 5/16
  3441 | D:4      | Noticed Robin
  3482 | D:4      | Reached skill level 6 in Conjurations
  3718 | D:4      | Reached XP level 7. HP: 31/36 MP: 11/18
  4035 | D:4      | Killed Robin
  4156 | D:4      | Reached skill level 7 in Conjurations
  4293 | D:4      | Learned a level 5 spell: Fireball
  4320 | D:4      | Found a white marble altar of Elyvilon.
  4421 | D:4      | Found a staircase to the Ecumenical Temple.
  4429 | Temple   | Entered the Ecumenical Temple
  4467 | Temple   | Became a worshipper of Vehumet
  4534 | D:5      | Entered Level 5 of the Dungeon
  4846 | D:5      | Reached skill level 8 in Conjurations
  5216 | D:5      | Found a sparkling altar of Nemelex Xobeh.
  5502 | D:6      | Reached XP level 8. HP: 36/41 MP: 14/21
  5673 | D:6      | Found a sand-covered staircase.
  5680 | Ossuary  | Entered an ossuary
  5686 | Ossuary  | Reached * piety under Vehumet
  5686 | Ossuary  | Offered knowledge of Magic Dart by Vehumet.
  5689 | Ossuary  | Learned a level 1 spell: Magic Dart
  6286 | Ossuary  | Reached skill level 9 in Conjurations
  6344 | Ossuary  | Reached ** piety under Vehumet
  6351 | Ossuary  | Offered knowledge of Throw Frost by Vehumet.
  6355 | Ossuary  | Learned a level 2 spell: Throw Frost
  7135 | D:6      | Found a shadowy altar of Dithmenos.
  7137 | D:6      | Found a shimmering altar of Xom.
  7137 | D:6      | Found an opulent altar of Gozag.
  7140 | D:6      | Found a basalt altar of Yredelemnul.
  7140 | D:6      | Found a stormy altar of Qazlal.
  7140 | D:6      | Found a stormy altar of Qazlal.
  7164 | D:6      | Found a deep blue altar of Sif Muna.
  7220 | D:6      | Reached skill level 10 in Conjurations
  7505 | D:7      | Offered knowledge of Mephitic Cloud by Vehumet.
  7505 | D:7      | Reached XP level 9. HP: 42/45 MP: 9/24
  7972 | D:7      | Found a bloodstained altar of Trog.
  8179 | D:8      | Reached skill level 11 in Conjurations
  8181 | D:8      | Reached *** piety under Vehumet
  8262 | D:8      | Noticed Maurice
  8281 | D:8      | Killed Maurice
  8281 | D:8      | Reached skill level 10 in Spellcasting
  8506 | D:8      | Found Tetzy's General Store.
  9047 | D:8      | Noticed Gastronok
  9416 | D:8      | Killed Gastronok
  9416 | D:8      | Reached skill level 13 in Conjurations
  9416 | D:8      | Reached XP level 10. HP: 22/50 MP: 11/27
  9715 | D:9      | Offered knowledge of Olgreb's Toxic Radiance by Vehumet.
  9783 | D:9      | Noticed a frost giant
  9788 | D:9      | Killed from afar by a frost giant

Vault maps used:
D:1:      scummos_arrival_forest, serial_forest, infiniplex_forest_straight_3,
          infiniplex_forest_clump_large, infiniplex_forest_fountain,
          infiniplex_forest_clump_double, infiniplex_forest_lined_1,
          infiniplex_forest_clump_double, infiniplex_forest_clump_C,
          minmay_misc_feat_rugged
D:2:      makhleb_heckhound_becter, nicolae_ru_awakened_eye,
          overflow_temple_1_default, first_ration
D:3:      grunt_temple_overflow_holy_war, okawaru_gym_becter,
          chequers_ecumenical_altar_simple_redux, uniq_terence
D:4:      kennysheep_mini_moat, temple_statues, hangedman_feature_mirror,
          grunt_decor_resistance, uniq_robin
D:5:      nemelex_altar_shiori
D:6:      cheibrodos_iron_armory, doesnt_xom_only_xom, kennysheep_mini,
          nicolae_ossuary_entry_monument
D:7:      nicolae_overflow_crystal_walls
D:8:      serial_shops, shop_coins, uniq_gastronok, uniq_maurice
D:9:      minmay_chopped_fan, eat_drink_and_be_merry_uskayaw
Temple:   jpeg_temple_alley_garden
Ossuary:  ossuary_boxes_badplayer

Skill      XL: |  1  2  3  4  5  6  7  8  9 |
---------------+----------------------------+-----
Conjurations   | 2 3 4 5 6 8 10 13 | 13.2
Spellcasting   | 4 5 6 7 9 11 | 11.7
Dodging        | |  2.4
Stealth        | |  2.4
Fire Magic     | |  3.2

Action                   |  1- 3 |  4- 6 |  7- 9 | 10-12 || total
-------------------------+-------+-------+-------+-------++-------
Melee: Staff             |     1 |       |       |       ||     1
       Trident           |       |       |     1 |       ||     1
 Cast: Flame Tongue      |    72 |   118 |   340 |     3 ||   533
       Sticky Flame      |       |     3 |    21 |     1 ||    25
       Throw Frost       |       |       |    13 |     5 ||    18
       Conjure Flame     |       |       |     5 |     2 ||     7
       Fireball          |       |       |     8 |     1 ||     9
  Use: Potion            |     1 |       |       |       ||     1
       Scroll            |       |       |     4 |     2 ||     6
  Eat: Chunk             |     2 |     7 |    13 |       ||    22
       Ration            |       |       |     3 |       ||     3
Armor: Robe              |    10 |     7 |    32 |     1 ||    50
Dodge: Dodged            |    28 |    19 |    86 |     1 ||   134

Table legend:
 A = Spawn XP
 B = Non-spawn XP
 C = Spawn XP percentage of total XP
 D = Spawn monster count
 E = Non-spawn monster count
 F = Spawn count percentage of total count
 G = Total turns spent on level
                    A         B        C        D         E        F      G
               +---------+---------+-------+---------+---------+-------+---------
         Total |       0 |    7386 |   0.0 |       0 |     218 |   0.0 |  9788
               +---------+---------+-------+---------+---------+-------+---------
           D:1 |       0 |      21 |   0.0 |       0 |      14 |   0.0 |   925
           D:2 |       0 |     145 |   0.0 |       0 |      27 |   0.0 |  1229
           D:3 |       0 |     192 |   0.0 |       0 |      24 |   0.0 |  1191
           D:4 |       0 |     514 |   0.0 |       0 |      28 |   0.0 |  1121
           D:5 |       0 |     546 |   0.0 |       0 |      18 |   0.0 |   962
           D:6 |       0 |     788 |   0.0 |       0 |      27 |   0.0 |  1000
           D:7 |       0 |     672 |   0.0 |       0 |      20 |   0.0 |   726
           D:8 |       0 |    3757 |   0.0 |       0 |      20 |   0.0 |  1633
           D:9 |       0 |     393 |   0.0 |       0 |       3 |   0.0 |   107
       Ossuary |       0 |     358 |   0.0 |       0 |      37 |   0.0 |   826
               +---------+---------+-------+---------+---------+-------+---------
